 Dungeon Crawl Stone Soup version 0.22.0-1-g6561e4c (webtiles) character file.

233 dracos369 the Stinger (level 6, -2/33 HPs)
             Began as a Kobold Venom Mage on Aug 12, 2018.
             Killed from afar by an orc wizard (7 damage)
             ... with a puff of flame
             ... on level 4 of the Dungeon.
             The game lasted 00:16:52 (3187 turns).

dracos369 the Stinger (Kobold Venom Mage)           Turns: 3187, Time: 00:16:52

Health: -2/33      AC:  8    Str:  6    XL:     6   Next: 26%
Magic:  11/11      EV: 14    Int: 18    God:
Gold:   118        SH:  0    Dex: 15    Spells: 6/12 levels left

rFire    . . .     SeeInvis .   w - +3 whip (freeze)
rCold    . . .     Gourm    .   (shield restricted)
rNeg     . . .     Faith    .   x - +0 leather armour (curse)
rPois    +         Spirit   .   (no helmet)
rElec    .         Reflect  .   s - +2 cloak
rCorr    .         Harm     .   (no gloves)
MR       .....                  (no boots)
Stlth    +.........             (no amulet)
HPRegen  0.11/turn              m - ring of flight
MPRegen  0.12/turn              (no ring)

@: confused, lethally poisoned (-2 -> -7)
A: small, icy blue scales 1, carnivore, poison resistance
a: Evoke Flight


You were on level 4 of the Dungeon.
You were completely stuffed.

You visited 1 branch of the dungeon, and saw 4 of its levels.

You collected 118 gold pieces.

Inventory:

Hand Weapons
 b - a +0 spear
 n - a +0 dagger
 o - a +0 short sword
 w - a +3 whip of freezing (weapon)
Missiles
 j - 2 tomahawks (quivered)
Armour
 a - a +0 robe
 s - a +2 cloak (worn)
 x - a cursed +0 leather armour (worn)
Jewellery
 m - a ring of flight (left hand)
Wands
 k - a wand of flame (11)
Scrolls
 e - 3 scrolls of teleportation
 f - 2 scrolls of amnesia {unknown}
 h - 2 scrolls of identify
 q - a scroll of enchant weapon
 u - a scroll of magic mapping
 y - a scroll of fear
 z - a scroll of enchant armour {unknown}
Comestibles
 c - 8 rations


   Skills:
 + Level 0.5 Fighting
 + Level 2.6 Dodging
 - Level 2.6 Stealth
 + Level 3.5 Spellcasting
 - Level 3.0 Conjurations
 - Level 2.0 Air Magic
 + Level 4.2 Poison Magic


You had 6 spell levels left.
You knew the following spells:

 Your Spells              Type           Power        Failure   Level  Hunger
a - Sting                 Conj/Pois      ###.         5%          1    None
b - Poisonous Vapours     Pois/Air       ##....       10%         2    ##.....
c - Mephitic Cloud        Conj/Pois/Air  ##......     21%         3    ###....

Your spell library contained the following spells:

 Spells                   Type           Power        Failure   Level  Hunger
 Venom Bolt               Conj/Pois      ###.......   83%         5    ######.
 Olgreb's Toxic Radiance  Pois           ###.....     38%         4    ####...


Dungeon Overview and Level Annotations

Branches:
Dungeon (4/15)
 Temple: D:4-7

Altars:
Gozag
Makhleb
Sif Muna
Trog
Zin
The Shining One

Annotations:
D:3 Grinder


Innate Abilities, Weirdness & Mutations

You are small and have problems with some larger weapons.
You are carnivorous and can eat meat at any time.
You are partially covered in icy blue scales. (AC +2)
Your system is resistant to poisons. (rPois)


Message History

The orc wizard casts a spell at you. The magic dart hits you!
You hear some strange, mumbled words.
You are more confused.
You feel sick. Something hits you.
You feel less invigorated.
You feel sick.
The orc priest misses the orc wizard.
You bump into the rock wall.
The orc wizard closely misses you.
You closely miss the orc wizard.
The orc wizard is moderately wounded.
You feel sick. The orc wizard hits you with a dagger.
You barely miss the orc wizard.
The orc wizard is moderately wounded.
You feel sick. Something hits you. The orc wizard casts a spell at you.
The magic dart hits you!
* * * LOW HITPOINT WARNING * * *
You hear some strange, mumbled words.
A puff of flame appears from out of thin air!
The puff of flame hits you!
You die...

##...........
............
#.........
#.....%..#
#........#
##(....)..#
..........#
.......o..#
##.....@.o######
##.##+#........
# #........
####........
#...........
#.##(.......
#.########## #.#
#.#


You could see an orc priest (confused) and an orc wizard.

Vanquished Creatures
  A scorpion (D:3)
  An orc wizard (D:4)
  An iguana (D:3)
  Natasha (D:2)
  2 adders (D:2)
  2 worms
  3 dart slugs
  5 leopard geckos
  4 orcs (D:3)
  4 giant cockroaches
  5 goblins
  9 hobgoblins
  4 jackals (D:2)
  2 quokkas
  5 bats
  3 frilled lizards
  7 kobolds
  9 rats
68 creatures vanquished.

Notes
Turn   | Place    | Note
-------+----------+-------------------------------------------
     0 | D:1      | dracos369 the Kobold Venom Mage began the quest for the Orb.
     0 | D:1      | Reached XP level 1. HP: 10/10 MP: 3/3
   275 | D:1      | Reached XP level 2. HP: 15/15 MP: 1/5
   291 | D:1      | You fall through a shaft!
   343 | D:2      | Learned a level 2 spell: Poisonous Vapours
   579 | D:2      | Reached XP level 3. HP: 16/19 MP: 1/6
   789 | D:2      | Found a bloodstained altar of Trog.
  1809 | D:1      | Reached XP level 4. HP: 21/24 MP: 5/7
  2009 | D:2      | Noticed Natasha
  2016 | D:2      | Killed Natasha
  2016 | D:2      | Reached skill level 1 in Air Magic
  2302 | D:2      | Reached skill level 4 in Poison Magic
  2405 | D:2      | Reached XP level 5. HP: 28/28 MP: 6/8
  2576 | D:3      | Learned a level 3 spell: Mephitic Cloud
  2721 | D:3      | Noticed Grinder
  2748 | D:3      | Found a burning altar of Makhleb.
  2754 | D:3      | Found a glowing golden altar of the Shining One.
  2757 | D:3      | Found a glowing silver altar of Zin.
  2760 | D:3      | Found a deep blue altar of Sif Muna.
  2788 | D:3      | Reached XP level 6. HP: 17/32 MP: 0/11
  3017 | D:3      | Found an opulent altar of Gozag.
  3177 | D:4      | Gained mutation: Your system is resistant to poisons. (rPois) [potion of mutation]
  3177 | D:4      | Gained mutation: You are partially covered in icy blue scales. (AC +2) [potion of mutation]
  3177 | D:4      | HP: 1/33 [poisoned by an orc wizard]
  3187 | D:4      | Killed from afar by an orc wizard

Skill      XL: |  1  2  3  4  5 |
---------------+----------------+-----
Conjurations   | 2 3 |  3.0
Air Magic      | 1 2 |  2.0
Poison Magic   | 4 |  4.2
Spellcasting   | 3 |  3.5
Fighting       | |  0.5
Dodging        | |  2.6
Stealth        | |  2.6

Action                   |  1- 3 |  4- 6 || total
-------------------------+-------+-------++-------
Melee: Spear             |    78 |       ||    78
       Short sword       |     1 |    31 ||    32
       Dagger            |     1 |       ||     1
       Whip              |       |    29 ||    29
 Cast: Sting             |    40 |    36 ||    76
       Poisonous Vapours |     4 |     8 ||    12
       Mephitic Cloud    |       |     1 ||     1
  Use: Potion            |       |     7 ||     7
       Scroll            |       |     6 ||     6
 Stab: Sleeping          |     4 |     3 ||     7
  Eat: Chunk             |    12 |     5 ||    17
Armor: Robe              |     9 |     4 ||    13
       Leather armour    |       |    14 ||    14
       Skin              |       |     8 ||     8
Dodge: Dodged            |    70 |    40 ||   110
